 Dungeon Crawl Stone Soup version 0.29-a0-857-g9b1aa3ac5b (webtiles) character file.

Game seed: 1169976928684855245

77 nxtlvl the Slasher (level 4, -1/27 HPs)
             Began as a Deep Elf Monk on July 16, 2022.
             Slain by an adder (4 damage)
             ... on level 3 of the Dungeon.
             The game lasted 00:06:16 (671 turns).

nxtlvl the Slasher (Deep Elf Monk)                   Turns: 671, Time: 00:06:16

Health: -1/27      AC:  3    Str:  8    XL:     4   Next: 14%
Magic:  6/6        EV: 13    Int: 17    God:
Gold:   65         SH:  0    Dex: 17    Spells: 3/3 levels left

rFire   . . .      SeeInvis .   a - +0 falchion
rCold   . . .      Faith    .   (no shield)
rNeg    . . .      Spirit   .   f - +0 robe
rPois   .          Reflect  .   (no helmet)
rElec   .          Harm     .   (no cloak)
rCorr   .          Rampage  .   m - +0 pair of gloves
Will    .....                   (no boots)
Stlth   ++........              (no amulet)
HPRegen 0.09/turn               (no ring)
MPRegen 0.10/turn               (no ring)

@: no status effects
A: no striking features
a: no special abilities


You were on level 3 of the Dungeon.
You visited 1 branch of the dungeon, and saw 3 of its levels.

You collected 65 gold pieces.

Inventory:

Hand Weapons
 a - a +0 falchion (weapon)
 b - the +4 sling of Righteous Anger {flame, Fly rN++ Int-3}
   (You found it on level 2 of the Dungeon)

   Any ammunition fired from it burns those it strikes, dealing additional fire
   damage.
   Int:       It affects your intelligence (-3).
   rN:        It greatly protects you from negative energy.
   Fly:       It grants you flight.
Missiles
 i - 4 poisoned darts
Armour
 f - a +0 robe (worn)
 m - a +0 pair of gloves (worn)
Scrolls
 d - a scroll of enchant weapon {unknown}
 e - a scroll of amnesia {unknown}
 g - 5 scrolls of identify {unknown}
 j - a scroll of enchant armour {unknown}
Potions
 c - a potion of ambrosia
 h - a potion of brilliance {unknown}
 k - a potion of degeneration {unknown}
 l - a potion of haste


   Skills:
 - Level 2.4 Fighting
 * Level 4.6 Long Blades
 - Level 3.6 Dodging
 - Level 2.4 Stealth


You had 3 spell levels left.
You didn't know any spells.
Your spell library was empty.

Dungeon Overview and Level Annotations

Branches:
Dungeon (3/15)

Altars:


Message History

Aim: an adder (severely wounded, 46% to hit)
You shoot a sling bullet.
The sling bullet barely misses the adder.
A goblin comes into view. It is wielding a +1 sling of freezing.
Fire: b) +4 sling of Righteous Anger {flame, Fly rN++ Int-3}
Press: ? - help, Q - select action, (/) - cycle Shift-Dir - straight line, f/p - adder
Aim: an adder (severely wounded, 46% to hit)
You shoot a sling bullet.
The sling bullet barely misses the adder.
The adder closely misses you. The adder misses you. The hobgoblin hits you.
Fire: b) +4 sling of Righteous Anger {flame, Fly rN++ Int-3}
Press: ? - help, Q - select action, (/) - cycle Shift-Dir - straight line, f/p - adder
Aim: an adder (severely wounded, 46% to hit)
You shoot a sling bullet. The sling bullet misses the adder.
The adder barely misses you. The hobgoblin barely misses you.
The adder bites you.
* * * LOW HITPOINT WARNING * * *
Fire: b) +4 sling of Righteous Anger {flame, Fly rN++ Int-3}
Press: ? - help, Q - select action, (/) - cycle Shift-Dir - straight line, f/p - adder
Aim: an adder (severely wounded, 46% to hit)
You shoot a sling bullet.
The sling bullet barely misses the adder.
The hobgoblin closely misses you. The adder bites you.
* * * LOW HITPOINT WARNING * * *
The hobgoblin hits you but does no damage.
Fire: b) +4 sling of Righteous Anger {flame, Fly rN++ Int-3}
Press: ? - help, Q - select action, (/) - cycle Shift-Dir - straight line, f/p - adder
Aim: an adder (severely wounded, 46% to hit)
You shoot a sling bullet.
The sling bullet barely misses the adder.
The adder bites you.
* * * LOW HITPOINT WARNING * * *
The adder bites you.
* * * LOW HITPOINT WARNING * * *
The hobgoblin barely misses you.
You float gracefully downwards.
The +4 sling of Righteous Anger {flame, Fly rN++ Int-3} stops flaming.
a - a +0 falchion (weapon)
The adder bites you.
You die...

.............##
...............
...........!.## ..!...
............... ......
.#.........#... ......
............... . ..#.
.....ggS...####. ..#.$o
.......@...#... ....#.
.............# ......
.<...........#### #.
................. #.
.............## ..$.
(............### ...##.
...............##### ##
.................. ####
...........>#.####.....


You could see an adder, a hobgoblin and a goblin.

Vanquished Creatures
  3 adders
  A worm (D:3)
  2 dart slugs
  5 bats (D:1)
  7 endoplasms
  2 giant cockroaches (D:2)
  6 hobgoblins (D:1)
  2 quokkas (D:2)
  A ball python (D:1)
  2 frilled lizards
  4 goblins (D:1)
  6 kobolds
41 creatures vanquished.

Notes
Turn   | Place    | Note
-------+----------+-------------------------------------------
     0 | D:1      | nxtlvl the Deep Elf Monk began the quest for the Orb.
     0 | D:1      | Reached XP level 1. HP: 13/13 MP: 3/3
   153 | D:2      | Reached skill level 3 in Long Blades
   168 | D:2      | Found a faded altar of an unknown god.
   213 | D:2      | Reached XP level 2. HP: 3/18 MP: 4/4
   233 | D:2      | Identified the +4 sling of Righteous Anger {flame, Fly rN++
                  | Int-3}
   428 | D:1      | Reached XP level 3. HP: 17/22 MP: 5/5
   502 | D:1      | Reached skill level 4 in Long Blades
   598 | D:2      | HP: 1/22 [poisoned by an adder]
   638 | D:3      | Reached XP level 4. HP: 11/27 MP: 6/6
   671 | D:3      | Slain by an adder

Illustrated notes

Levels and vault maps discovered:
D:1:      spicycebolla_green_bress_n_ham, layout_rooms, grunt_decor_clamped,
          minmay_stone_trees_small, hangedman_decor_opposing,
          minmay_pentomino_q4
D:2:      layout_loops_ring, ebering_ecumenical_altar_box,
          minmay_misc_feat_enclosed, minmay_fractal_squares_gapless_5
D:3:      layout_rooms, lemuel_doored_altar, uniq_terence

Skill      XL: |  1  2  3 |
---------------+----------+-----
Long Blades    | 3 4 |  4.6
Fighting       | |  2.4
Dodging        | |  3.6
Stealth        | |  2.4

Action                   |  1- 3 |  4- 6 || total
-------------------------+-------+-------++-------
Melee: Falchion          |    60 |       ||    60
 Fire: Sling             |    50 |    11 ||    61
  Use: Potion            |     2 |       ||     2
 Stab: Sleeping          |     2 |       ||     2
Armor: Robe              |    12 |     1 ||    13
Dodge: Dodged            |    58 |     6 ||    64

Table legend: (Time is in decaauts)
 A = Elapsed time spent in this place.
 B = Non-inter-level travel time spent in this place.
 C = Inter-level travel time spent in this place.
 D = Time resting spent in this place.
 E = Time spent auto-exploring this place.
 F = Levels seen in this place.
 G = Mean time per level.
                   A        B        C        D        E       F      G
               +--------+--------+--------+--------+--------+-----+--------+
         Total |    685 |    668 |     17 |      0 |     27 |   3 |  228.3 |
       Dungeon |    685 |    668 |     17 |      0 |     27 |   3 |  228.3 |
               +--------+--------+--------+--------+--------+-----+--------+

Top non-repeatable levels by time:
     D:2: 319 daAuts
     D:1: 319 daAuts
     D:3: 47 daAuts
